 Dungeon Crawl Stone Soup version 0.25.0-11-g1f837a76a1 (webtiles) character file.

Game seed: 6941899528076127540

146 Delamore the Skirmisher (level 5, 0/35 HPs)
             Began as a Gargoyle Fighter on June 27, 2020.
             Was an Initiate of Okawaru.
             Slain by Pikel
             ... wielding a +0 whip of flaming
              (2 damage)
             ... on level 3 of the Dungeon.
             The game lasted 00:03:09 (2644 turns).

Delamore the Skirmisher (Gargoyle Fighter)          Turns: 2644, Time: 00:03:09

Health: 0/35       AC: 13    Str: 20    XL:     5   Next: 28%
Magic:  5/5        EV:  9    Int:  9    God:    Okawaru [......]
Gold:   70         SH:  4    Dex:  9    Spells: 4/4 levels left

rFire    . . .     SeeInvis .   a - +0 flail
rCold    . . .     Gourm    .   u - +0 buckler
rNeg     + . .     Faith    .   b - +0 scale mail
rPois    ∞         Spirit   .   (no helmet)
rElec    +         Reflect  .   g - +0 cloak
rCorr    .         Harm     .   B - +0 pair of gloves
MR       .....                  (no boots)
Stlth    ..........             (no amulet)
HPRegen  0.11/turn              (no ring)
MPRegen  0.09/turn              (no ring)

@: no status effects
A: negative energy resistance 1, electricity resistance, unbreathing,
petrification resistance, rot immunity, AC +4
a: Renounce Religion


You were on level 3 of the Dungeon.
You worshipped Okawaru.
Okawaru was noncommittal.
You were not hungry.

You visited 1 branch of the dungeon, and saw 4 of its levels.

You collected 70 gold pieces.

Inventory:

Hand Weapons
 a - a +0 flail (weapon)
Missiles
 k - 4 javelins (quivered)
 x - 7 poisoned darts
Armour
 b - a +0 scale mail (worn)
 c - a +0 kite shield
 g - a +0 cloak (worn)
 u - a +0 buckler (worn)
 B - a +0 pair of gloves (worn)
Wands
 A - a wand of paralysis (8)
Scrolls
 e - a scroll of magic mapping {unknown}
 i - 3 scrolls of teleportation {unknown}
 j - a scroll of enchant weapon {unknown}
 m - a scroll of blinking {unknown}
 o - a scroll of random uselessness {unknown}
 p - 5 scrolls of identify {unknown}
 s - a scroll of remove curse {unknown}
 t - a scroll of amnesia {unknown}
 y - 3 scrolls of immolation {unknown}
Potions
 d - 3 potions of might
 h - 2 potions of curing {unknown}
 l - 2 potions of lignification {unknown}
 n - 2 potions of flight {unknown}
 q - a potion of degeneration {unknown}
 r - a potion of brilliance {unknown}
 v - a potion of haste {unknown}
 w - a potion of magic {unknown}
 z - a potion of cancellation {unknown}
Comestibles
 f - 4 rations


   Skills:
 + Level 5.0 Fighting
 + Level 4.0 Maces & Flails
 - Level 3.2 Armour
 - Level 3.2 Shields


You had 4 spell levels left.
You didn't know any spells.
Your spell library was empty.

Dungeon Overview and Level Annotations

Branches:
Dungeon (4/15)
 Temple: D:4-7

Altars:
Okawaru

Annotations:
D:3 Pikel


Innate Abilities, Weirdness & Mutations

You are resistant to torment.
Your stone body is resilient. (AC +4)
You are immune to poison.
You resist negative energy. (rN+)
You are resistant to electric shocks. (rElec)
You can survive without breathing.
You are immune to petrification.
You are immune to rotting.


Message History

You hit Pikel.
Pikel is almost dead.
The slave hits you but does no damage.
Pikel hits you with a +0 whip of flaming.
Pikel burns you.
You hit Pikel.
Pikel is almost dead.
The slave barely misses you. Pikel hits you but does no damage.
The slave barely misses you.
You barely miss Pikel.
Pikel is almost dead.
Pikel hits you but does no damage. The slave hits you.
* * * LOW HITPOINT WARNING * * *
You hit Pikel but do no damage.
Pikel is almost dead.
Pikel says, "You'll fetch a fair price!"
Pikel hits you with a +0 whip of flaming.
* * * LOW HITPOINT WARNING * * *
Pikel burns you.
You die...

#<# #.# #.# #.#
#.# #.# #.#
###.##############
...............K@#
###.############p#
#.# #.# #.# #.#
###.# #######.##
^.#.# #........#
#.#.# #........#
#.#.# #........#
#.#.# #........#


You could see Pikel and a slave.

Vanquished Creatures
  Crazy Yiuf (D:2)
  A worker ant (D:2)
  2 adders (D:3)
  An ooze (D:2)
  4 dart slugs
  A leopard gecko (D:2)
  An orc (D:3)
  A ball python (D:2)
  12 bats
  7 giant cockroaches
  4 goblins
  5 hobgoblins
  3 jackals (D:2)
  7 kobolds
  4 frilled lizards
  5 rats
59 creatures vanquished.

Notes
Turn   | Place    | Note
-------+----------+-------------------------------------------
     0 | D:1      | Delamore the Gargoyle Fighter began the quest for the Orb.
     0 | D:1      | Reached XP level 1. HP: 14/14 MP: 1/1
    53 | D:1      | You fall into a shaft and drop 1 floor!
    64 | D:2      | Reached XP level 2. HP: 18/19 MP: 2/2
    73 | D:2      | Found an iron altar of Okawaru.
    81 | D:2      | Became a worshipper of Warmaster Okawaru
   270 | D:2      | Reached skill level 4 in Fighting
   270 | D:2      | Reached XP level 3. HP: 15/24 MP: 3/3
   799 | D:1      | Reached XP level 4. HP: 24/30 MP: 4/4
  1207 | D:2      | Found a runed translucent door.
  1208 | D:2      | Noticed Crazy Yiuf
  1808 | D:2      | Killed Crazy Yiuf
  2077 | D:3      | Reached XP level 5. HP: 29/34 MP: 5/5
  2187 | D:3      | Reached skill level 5 in Fighting
  2610 | D:4      | Noticed a slave
  2611 | D:4      | Noticed Pikel
  2611 | D:4      | Noticed a slave
  2612 | D:4      | Noticed a slave
  2613 | D:4      | Noticed a slave
  2644 | D:3      | Slain by Pikel

Illustrated notes

Levels and vault maps discovered:
D:1:      wander_arrival_chamber, layout_basic
D:2:      layout_basic, kennysheep_okawaru_gauntlet, uniq_crazy_yiuf_cottage
D:3:      kennysheep_big_flooded_room, layout_basic
D:4:      layout_layer_cave, nicolae_ossuary_entry_giza, first_ration,
          minmay_starry_boxes, uniq_pikel

Skill      XL: |  1  2  3  4  5 |
---------------+----------------+-----
Fighting       | 4 5 |  5.0
Maces & Flails | 3 4 |  4.0
Armour         | |  3.2
Shields        | |  3.2

Action                   |  1- 3 |  4- 6 || total
-------------------------+-------+-------++-------
Melee: Flail             |    76 |   152 ||   228
Throw: Javelin           |       |     1 ||     1
  Eat: Chunk             |       |     6 ||     6
Armor: Scale mail        |    77 |   120 ||   197
Dodge: Dodged            |    44 |    74 ||   118
Block: Kite shield       |    56 |    72 ||   128
       Buckler           |       |    11 ||    11
